Canadiens vs Red Wings (R1)

Created - April 21, 2017 at 19:50

Goals
1 2 3 T
Canadiens 1 0 1 2
Red Wings 0 1 3 4
Shots
1 2 3 T
Canadiens 15 9 11 35
Red Wings 8 10 16 34

1st period

1. Canadiens , Patrick Sharp 20 (Andrei Loktionov 26, Dennis Wideman 43) at 4:36 (PP)

Penalties :
Brendan Bell (Det) for Hooking (Minor) at 3:34, Andrei Loktionov (Mon) for Hooking (Minor) at 10:14, Patrick Sharp (Mon) for Hooking (Minor) at 15:24

2nd period

2. Red Wings , Rick Nash 57 (Marc Savard 59, Steve Downie 20) at 9:02

Penalties :
Jonas Hoglund (Mon) for Hooking (Minor) at 3:05, Rick Nash (Det) for Hooking (Minor) at 17:08

3rd period

3. Red Wings , Sean Bergenheim 24 (Steve Downie 21, Marc Savard 60) at 2:06 (PP)
4. Canadiens , Dennis Wideman 16 (Andrei Loktionov 27) at 2:10
5. Red Wings , Mike Richards 40 (Phil Kessel 51) at 4:17
6. Red Wings , Shea Weber 9 (Marc Savard 61, Steve Downie 22) at 7:59 (PP)

Penalties :
Ladislav Smid (Mon) for Hooking (Minor) at 1:30, Tobias Rieder (Mon) for Cross-checking (Minor) at 7:21, Tobias Rieder (Mon) for Holding (Minor) at 11:28

Goalie Stats

Tobias Stephan (Mon), 30 saves from 34 shots - (0.882), L, 3-9-1, 60:00 minutes
Michal Neuvirth (Det), 33 saves from 35 shots - (0.943), W, 33-19-9, 60:00 minutes

Players Stats for Canadiens

Player Name              G  A  P  +/- PIM S  H  SB GA TA FO     MP     PP MP  PK MP  
------------------------------------------------------------------------------------
Andrei Loktionov         0  2  2  -1  2   5  5  0  0  1  13/36  24:17   2:01   3:59 
Brett Maclean            0  0  0   0  0   0  1  1  0  0  1/2     8:51   0:07   0:00 
Dennis Wideman           1  1  2   1  0   3  2  0  1  0  0/0    24:36   2:16   0:00 
Devin Setoguchi          0  0  0  -1  0   2  0  0  0  0  0/0    22:39   2:01   2:42 
Dustin Boyd              0  0  0   0  0   2  1  0  0  0  5/10   13:36   0:53   0:49 
Evgeny Dadonov           0  0  0   0  0   2  1  0  0  0  0/0    10:32   0:53   0:16 
Greg Stewart             0  0  0   0  0   1  2  1  0  0  0/0    17:20   0:07   5:05 
Jay McKee                0  0  0  -1  0   0  2  0  0  0  0/0    15:13   0:45   4:16 
Jiri Tlusty              0  0  0   0  0   4  1  0  0  0  1/2    12:25   0:53   0:00 
Jon Merrill              0  0  0  -1  0   1  0  0  0  0  0/0    15:29   0:00   5:30 
Jonas Hoglund            0  0  0   0  2   0  0  0  1  0  0/0     8:01   0:00   0:00 
Ladislav Smid            0  0  0  -1  2   2  0  1  0  2  0/0    21:08   0:00   3:40 
Martin Hanzal            0  0  0   0  0   4  0  1  0  0  2/5    10:43   0:00   1:41 
Patrick Sharp            1  0  1  -1  2   4  2  0  2  0  1/1    21:06   2:01   1:06 
Stephane Robidas         0  0  0  -1  0   3  0  1  1  0  0/0    17:07   0:45   0:00 
Tobias Rieder            0  0  0   0  4   0  1  0  0  0  0/0     9:44   0:07   0:00 
Tomas Plekanec           0  0  0   0  0   1  1  0  0  0  4/4    11:31   0:00   2:42 
Torey Krug               0  0  0   1  0   1  0  2  0  0  0/0    26:26   2:16   4:54 

Players Stats for Red Wings

Player Name              G  A  P  +/- PIM S  H  SB GA TA FO     MP     PP MP  PK MP  
------------------------------------------------------------------------------------
Adam Henrique            0  0  0   0  0   3  1  0  0  1  0/0    11:26   0:00   0:00 
Ales Hemsky              0  0  0   0  0   0  1  0  0  0  0/0    11:26   0:00   0:00 
Alex Picard              0  0  0   0  0   0  0  0  0  0  0/0     8:23   0:00   0:31 
Brendan Bell             0  0  0   1  2   0  0  1  0  0  0/0     9:01   0:00   0:00 
Filip Kuba               0  0  0   1  0   0  0  2  0  0  0/0    23:39   3:34   0:00 
Jiri Fischer             0  0  0  -1  0   0  1  4  0  0  0/0    20:48   0:00   2:06 
Marc Savard              0  3  3   1  0   5  2  1  0  0  7/11   18:09   4:10   0:17 
Mike Brown               0  0  0   0  0   4  1  0  0  1  0/1     9:13   0:00   0:48 
Mike Richards            1  0  1   0  0   3  1  1  0  0  16/29  19:43   5:00   0:00 
Nate Thompson            0  0  0   0  0   0  1  0  0  1  3/4     7:52   0:00   0:00 
Ole-Kristian Tollefsen   0  0  0  -1  0   2  1  0  0  0  0/0    24:51   5:36   0:55 
Phil Kessel              0  1  1   0  0   4  2  1  0  0  1/4    19:31   5:00   0:00 
Rick Nash                1  0  1   1  2   5  2  1  0  1  1/3    19:25   5:00   0:17 
Sean Bergenheim          1  0  1   0  0   1  3  0  1  0  1/1    19:58   4:10   1:13 
Shea Weber               1  0  1   1  0   3  0  4  0  0  0/0    25:42   5:36   0:55 
Steve Downie             0  3  3   1  0   1  2  0  2  0  1/2    19:16   4:10   1:17 
Tim Ramholt              0  0  0   1  0   2  0  0  0  1  0/0    11:30   0:00   2:06 
Tyler Johnson            0  0  0   0  0   1  1  0  0  0  3/5    17:04   3:34   1:39 

3 Stars

1 - Marc Savard (Det)
2 - Steve Downie (Det)
3 - Dennis Wideman (Mon)

Power Play

Canadiens - 1 on 2 Attempt(s) - 50.00%
Red Wings - 2 on 6 Attempt(s) - 33.33%

Penalty Kill

Canadiens - 4 on 6 Attempt(s) - 66.67% - Score 0 goal in Penalty Kill
Red Wings - 1 on 2 Attempt(s) - 50.00% - Score 0 goal in Penalty Kill

Team Stat

Canadiens - Hits : 19 - Faceoff Wins : 27 - Blocked Shots : 7 - Penalty Minutes : 12
Red Wings - Hits : 19 - Faceoff Wins : 33 - Blocked Shots : 15 - Penalty Minutes : 4

Official

Referees : Rooney Chris and Hasenfratz Mike
Linesman : Brian Mach and Tim Nowak

Game Notes

No Game Note

Finance

Level 1 -- Attendance: 5863 (97.72%) -- Ticket Income $439,725
Level 2 -- Attendance: 4319 (86.38%) -- Ticket Income $207,312
Level 3 -- Attendance: 1946 (97.30%) -- Ticket Income $54,488
Level 4 -- Attendance: 4000 (100.00%) -- Ticket Income $80,000
Luxury Box -- Attendance: 855 (85.50%) -- Ticket Income $132,525
Game was played at the Joe Louis Arena.
Total Attendance: 16983 (94.35%)
Total Ticket Income: $914,050
Other Income: $137,108
Total Income: $1,051,158

Canadiens

5 vs 5 Forward 
   Center                   Left Wing                Right Wing               Time % Phy DF OF 
 1 Andrei Loktionov         Patrick Sharp            Devin Setoguchi          40     1   2  2  
 2 Dustin Boyd              Greg Stewart             Jiri Tlusty              30     1   2  2  
 3 Tomas Plekanec           Evgeny Dadonov           Tobias Rieder            20     1   2  2  
 4 Martin Hanzal            Brett Maclean            Jonas Hoglund            10     1   2  2  

5 vs 5 Defense 
   Defense                  Defense                                           Time % Phy DF OF 
 1 Dennis Wideman           Torey Krug                                        40     1   2  2  
 2 Stephane Robidas         Ladislav Smid                                     30     1   2  2  
 3 Jon Merrill              Jay McKee                                         20     1   2  2  
 4 Dennis Wideman           Ladislav Smid                                     10     1   2  2  

PowerPlay Forward 
   Center                   Left Wing                Right Wing               Time % Phy DF OF 
 1 Andrei Loktionov         Patrick Sharp            Devin Setoguchi          60     1   2  2  
 2 Dustin Boyd              Evgeny Dadonov           Jiri Tlusty              40     1   2  2  

PowerPlay Defense
   Defense                  Defense                                           Time % Phy DF OF 
 1 Dennis Wideman           Torey Krug                                        60     1   2  2  
 2 Stephane Robidas         Jay McKee                                         40     1   2  2  

Penalty Kill 4 Players Forward 
   Center                   Wing                     Time % Phy DF OF 
 1 Andrei Loktionov         Greg Stewart             60     1   2  2  
 2 Tomas Plekanec           Devin Setoguchi          40     1   2  2  

Penalty Kill 4 Players Defense
   Defense                  Defense                  Time % Phy DF OF 
 1 Jon Merrill              Torey Krug               60     1   2  2  
 2 Ladislav Smid            Jay McKee                40     1   2  2  

Penalty Kill - 3 Players Forward 
   Forward                                           Time % Phy DF OF 
 1 Andrei Loktionov                                  60     1   2  2  
 2 Tomas Plekanec                                    40     1   2  2  

Penalty Kill - 3 Players Defense
   Defense                  Defense                  Time % Phy DF OF 
 1 Jon Merrill              Torey Krug               60     1   2  2  
 2 Ladislav Smid            Jay McKee                40     1   2  2  

4 vs 4 Forward 
   Center                   Wing                     Time % Phy DF OF 
 1 Andrei Loktionov         Greg Stewart             60     1   2  2  
 2 Tomas Plekanec           Tobias Rieder            40     1   2  2  

4 vs 4 Defense
   Defense                  Defense                  Time % Phy DF OF 
 1 Dennis Wideman           Torey Krug               60     1   2  2  
 2 Stephane Robidas         Jay McKee                40     1   2  2  

Last Minutes Offensive
   Center                   Left Wing                Right Wing               Defense                  Defense                  
   Andrei Loktionov         Patrick Sharp            Devin Setoguchi          Dennis Wideman           Torey Krug               

Last Minutes Defensive
   Center                   Left Wing                Right Wing               Defense                  Defense                  
   Tomas Plekanec           Patrick Sharp            Devin Setoguchi          Dennis Wideman           Ladislav Smid            

Goaltenders
Starting : Tobias Stephan           
Backup : Jonathan Bernier         

Extra Forwards
Normal : Brett Maclean, Evgeny Dadonov, Martin Hanzal - PP : Brett Maclean, Evgeny Dadonov - PK : Martin Hanzal
Extra Defensemen
Normal : Dennis Wideman, Torey Krug, Ladislav Smid - PP : Torey Krug - PK : Torey Krug, Dennis Wideman
Penalty Shots
Patrick Sharp, Greg Stewart, Tomas Plekanec, Devin Setoguchi, Jonas Hoglund

Scratches
Matt Carle (Healthy), Wade Redden (Healthy)

Red Wings

5 vs 5 Forward 
   Center                   Left Wing                Right Wing               Time % Phy DF OF 
 1 Mike Richards            Sean Bergenheim          Phil Kessel              35     0   2  3  
 2 Marc Savard              Rick Nash                Steve Downie             35     0   3  2  
 3 Tyler Johnson            Adam Henrique            Ales Hemsky              20     0   3  2  
 4 Nate Thompson            Alex Picard              Mike Brown               10     1   2  2  

5 vs 5 Defense 
   Defense                  Defense                                           Time % Phy DF OF 
 1 Shea Weber               Filip Kuba                                        40     0   3  2  
 2 Jiri Fischer             Ole-Kristian Tollefsen                            35     0   3  2  
 3 Brendan Bell             Tim Ramholt                                       15     1   3  1  
 4 Brendan Bell             Tim Ramholt                                       10     1   3  1  

PowerPlay Forward 
   Center                   Left Wing                Right Wing               Time % Phy DF OF 
 1 Mike Richards            Rick Nash                Phil Kessel              60     0   1  4  
 2 Marc Savard              Sean Bergenheim          Steve Downie             40     0   1  4  

PowerPlay Defense
   Defense                  Defense                                           Time % Phy DF OF 
 1 Shea Weber               Ole-Kristian Tollefsen                            60     0   2  3  
 2 Filip Kuba               Tyler Johnson                                     40     0   2  3  

Penalty Kill 4 Players Forward 
   Center                   Wing                     Time % Phy DF OF 
 1 Tyler Johnson            Sean Bergenheim          50     1   2  2  
 2 Rick Nash                Steve Downie             50     1   2  2  

Penalty Kill 4 Players Defense
   Defense                  Defense                  Time % Phy DF OF 
 1 Shea Weber               Ole-Kristian Tollefsen   50     1   2  2  
 2 Jiri Fischer             Tim Ramholt              50     1   2  2  

Penalty Kill - 3 Players Forward 
   Forward                                           Time % Phy DF OF 
 1 Tyler Johnson                                     60     1   2  2  
 2 Steve Downie                                      40     1   2  2  

Penalty Kill - 3 Players Defense
   Defense                  Defense                  Time % Phy DF OF 
 1 Shea Weber               Ole-Kristian Tollefsen   50     1   2  2  
 2 Jiri Fischer             Tim Ramholt              50     1   2  2  

4 vs 4 Forward 
   Center                   Wing                     Time % Phy DF OF 
 1 Mike Richards            Rick Nash                60     1   2  2  
 2 Marc Savard              Sean Bergenheim          40     1   2  2  

4 vs 4 Defense
   Defense                  Defense                  Time % Phy DF OF 
 1 Shea Weber               Ole-Kristian Tollefsen   60     1   2  2  
 2 Jiri Fischer             Filip Kuba               40     1   2  2  

Last Minutes Offensive
   Center                   Left Wing                Right Wing               Defense                  Defense                  
   Mike Richards            Rick Nash                Phil Kessel              Shea Weber               Ole-Kristian Tollefsen   

Last Minutes Defensive
   Center                   Left Wing                Right Wing               Defense                  Defense                  
   Tyler Johnson            Rick Nash                Steve Downie             Shea Weber               Ole-Kristian Tollefsen   

Goaltenders
Starting : Michal Neuvirth          
Backup : Ilya Bryzgalov           

Extra Forwards
Normal : Rick Nash, Marc Savard, Tyler Johnson - PP : Steve Downie, Ales Hemsky - PK : Mike Brown
Extra Defensemen
Normal : Shea Weber, Filip Kuba, Brendan Bell - PP : Brendan Bell - PK : Filip Kuba, Brendan Bell
Penalty Shots
Rick Nash, Mike Richards, Steve Downie, Shea Weber, Phil Kessel

Scratches
None


% Time on Ice - Canadiens

Lines # - Real PCT - Wanted PCT - Time Play
Normal Forward
1 - 41% - 40% - 19:27
2 - 24% - 30% - 11:38
3 - 18% - 20% - 8:43
4 - 17% - 10% - 8:01
Normal Defense
1 - 42% - 40% - 20:04
2 - 34% - 30% - 16:23
3 - 19% - 20% - 9:01
4 - 5% - 10% - 2:21
PP Forward
1 - 71% - 60% - 2:08
2 - 29% - 40% - 0:53
PP Defense
1 - 75% - 60% - 2:16
2 - 25% - 40% - 0:45
PK Forward
1 - 71% - 60% - 6:28
2 - 29% - 40% - 2:42
PK Defense
1 - 53% - 60% - 4:54
2 - 47% - 40% - 4:16
PK3 Forward
1 - 0% - 60%
2 - 0% - 40%
PK3 Defense
1 - 0% - 60%
2 - 0% - 40%
44 Forward
1 - 0% - 60%
2 - 0% - 40%
44 Defense
1 - 0% - 60%
2 - 0% - 40%
Last Minute Offensive  - 0:00
Last Minute Defensive  - 0:00
Total
Forward - 60:00
Defense - 60:00

% Time on Ice - Red Wings

Lines # - Real PCT - Wanted PCT - Time Play
Normal Forward
1 - 31% - 35% - 14:42
2 - 29% - 35% - 13:49
3 - 24% - 20% - 11:26
4 - 16% - 10% - 7:52
Normal Defense
1 - 40% - 40% - 19:11
2 - 41% - 35% - 19:36
3 - 13% - 15% - 6:05
4 - 6% - 10% - 2:57
PP Forward
1 - 55% - 60% - 5:00
2 - 45% - 40% - 4:10
PP Defense
1 - 61% - 60% - 5:36
2 - 39% - 40% - 3:34
PK Forward
1 - 40% - 50% - 1:13
2 - 60% - 50% - 1:48
PK Defense
1 - 30% - 50% - 0:55
2 - 70% - 50% - 2:06
PK3 Forward
1 - 0% - 60%
2 - 0% - 40%
PK3 Defense
1 - 0% - 50%
2 - 0% - 50%
44 Forward
1 - 0% - 60%
2 - 0% - 40%
44 Defense
1 - 0% - 60%
2 - 0% - 40%
Last Minute Offensive  - 0:00
Last Minute Defensive  - 0:00
Total
Forward - 60:00
Defense - 60:00

Play by Play

1st period


0:01 of 1st period - Mike Richards wins face-off versus Andrei Loktionov in neutral zone.
0:10 of 1st period - Wrist shot by Andrei Loktionov.
0:10 of 1st period - Stopped by Michal Neuvirth with a rebound.
0:39 of 1st period - Steve Downie is hit by Dennis Wideman and loses puck.
0:52 of 1st period - Slapshot by Dennis Wideman.
0:52 of 1st period - Shot Blocked by Jiri Fischer.
1:24 of 1st period - Stephane Robidas is hit by Mike Brown.
1:52 of 1st period - Ladislav Smid is hit by Phil Kessel.
2:46 of 1st period - Wrist shot by Adam Henrique.
2:46 of 1st period - Stopped by Tobias Stephan with a rebound.
2:54 of 1st period - Wrist shot by Martin Hanzal.
2:54 of 1st period - Stopped by Michal Neuvirth with a rebound.
2:56 of 1st period - Snap shot by Stephane Robidas.
2:56 of 1st period - Shot Blocked by Shea Weber.
2:58 of 1st period - Slapshot by Stephane Robidas.
2:58 of 1st period - Stopped by Michal Neuvirth with a rebound.
3:00 of 1st period - Wrist shot by Jonas Hoglund.
3:00 of 1st period - Shot Misses the Net.
3:02 of 1st period - Wrist shot by Ladislav Smid.
3:02 of 1st period - Stopped by Michal Neuvirth without a rebound.
3:03 of 1st period - Marc Savard wins face-off versus Andrei Loktionov in Red Wings zone.
3:08 of 1st period - Wrist shot by Marc Savard.
3:08 of 1st period - Stopped by Tobias Stephan with a rebound.
3:32 of 1st period - Slapshot by Jiri Tlusty.
3:32 of 1st period - Stopped by Michal Neuvirth with a rebound.
3:34 of 1st period - Minor Penalty to Brendan Bell for Hooking.
3:35 of 1st period - Andrei Loktionov wins face-off versus Tyler Johnson in Red Wings zone.
3:50 of 1st period - Snap shot by Andrei Loktionov.
3:50 of 1st period - Stopped by Michal Neuvirth without a rebound.
3:51 of 1st period - Andrei Loktionov wins face-off versus Rick Nash in Red Wings zone.
4:26 of 1st period - Wrist shot by Patrick Sharp.
4:26 of 1st period - Shot Misses the Net.
4:28 of 1st period - Slapshot by Dennis Wideman.
4:28 of 1st period - Shot Blocked by Jiri Fischer.
4:36 of 1st period - Snap shot by Patrick Sharp.
4:36 of 1st period - Goal by Patrick Sharp - Canadiens : 1 - Red Wings : 0.
4:37 of 1st period - Sean Bergenheim wins face-off versus Dustin Boyd in neutral zone.
5:11 of 1st period - Snap shot by Rick Nash.
5:11 of 1st period - Shot Misses the Net.
5:29 of 1st period - Snap shot by Patrick Sharp.
5:29 of 1st period - Stopped by Michal Neuvirth without a rebound.
5:30 of 1st period - Mike Richards wins face-off versus Andrei Loktionov in Red Wings zone.
5:55 of 1st period - Tim Ramholt is hit by Andrei Loktionov and loses puck.
6:12 of 1st period - Wrist shot by Phil Kessel.
6:12 of 1st period - Deflect By Mike Richards.
6:12 of 1st period - Stopped by Tobias Stephan without a rebound.
6:13 of 1st period - Jiri Tlusty wins face-off versus Marc Savard in Canadiens zone.
6:27 of 1st period - Slapshot by Rick Nash.
6:27 of 1st period - Shot Blocked by Torey Krug.
8:01 of 1st period - Snap shot by Adam Henrique.
8:01 of 1st period - Stopped by Tobias Stephan with a rebound.
8:03 of 1st period - Wrist shot by Adam Henrique.
8:03 of 1st period - Shot Misses the Net.
8:05 of 1st period - Slapshot by Shea Weber.
8:05 of 1st period - Stopped by Tobias Stephan with a rebound.
8:15 of 1st period - Backhand shot by Patrick Sharp.
8:15 of 1st period - Stopped by Michal Neuvirth with a rebound.
8:41 of 1st period - Slapshot by Rick Nash.
8:41 of 1st period - Stopped by Tobias Stephan without a rebound.
8:42 of 1st period - Dustin Boyd wins face-off versus Marc Savard in Canadiens zone.
8:42 of 1st period - Dustin Boyd is hit by Marc Savard.
8:48 of 1st period - Steve Downie is hit by Greg Stewart and loses puck.
8:55 of 1st period - Wrist shot by Dustin Boyd.
8:55 of 1st period - Stopped by Michal Neuvirth with a rebound.
8:57 of 1st period - Snap shot by Jiri Tlusty.
8:57 of 1st period - Stopped by Michal Neuvirth without a rebound.
8:58 of 1st period - Andrei Loktionov wins face-off versus Mike Richards in Red Wings zone.
9:50 of 1st period - Snap shot by Stephane Robidas.
9:50 of 1st period - Shot Blocked by Filip Kuba.
9:52 of 1st period - Slapshot by Ladislav Smid.
9:52 of 1st period - Shot Blocked by Shea Weber.
10:02 of 1st period - Slapshot by Devin Setoguchi.
10:02 of 1st period - Stopped by Michal Neuvirth without a rebound.
10:03 of 1st period - Nate Thompson wins face-off versus Andrei Loktionov in Red Wings zone.
10:14 of 1st period - Minor Penalty to Andrei Loktionov for Hooking.
10:15 of 1st period - Rick Nash wins face-off versus Martin Hanzal in Canadiens zone.
11:03 of 1st period - Wrist shot by Patrick Sharp.
11:03 of 1st period - Deflect By Martin Hanzal.
11:03 of 1st period - Shot Misses the Net.
11:03 of 1st period - Puck is out of play.
11:04 of 1st period - Martin Hanzal wins face-off versus Mike Richards in Red Wings zone.
11:58 of 1st period - Rick Nash is hit by Patrick Sharp.
12:14 of 1st period - Penalty to Andrei Loktionov is over, Andrei Loktionov is back on ice.
13:27 of 1st period - Greg Stewart is hit by Adam Henrique and loses puck.
13:38 of 1st period - Filip Kuba is hit by Tomas Plekanec and loses puck.
14:04 of 1st period - Sean Bergenheim is hit by Patrick Sharp and loses puck.
14:20 of 1st period - Snap shot by Andrei Loktionov.
14:20 of 1st period - Stopped by Michal Neuvirth with a rebound.
14:22 of 1st period - Snap shot by Patrick Sharp.
14:22 of 1st period - Shot Blocked by Brendan Bell.
14:28 of 1st period - Wrist shot by Patrick Sharp.
14:28 of 1st period - Stopped by Michal Neuvirth with a rebound.
14:30 of 1st period - Snap shot by Devin Setoguchi.
14:30 of 1st period - Shot Blocked by Rick Nash.
14:32 of 1st period - Backhand shot by Dennis Wideman.
14:32 of 1st period - Stopped by Michal Neuvirth without a rebound.
14:33 of 1st period - Tyler Johnson wins face-off versus Jiri Tlusty in Red Wings zone.
14:49 of 1st period - Ole-Kristian Tollefsen is hit by Jay McKee and loses puck.
15:07 of 1st period - Icing by Martin Hanzal.
15:08 of 1st period - Marc Savard wins face-off versus Martin Hanzal in Canadiens zone.
15:09 of 1st period - Wrist shot by Steve Downie.
15:09 of 1st period - Shot Misses the Net.
15:11 of 1st period - Snap shot by Rick Nash.
15:11 of 1st period - Deflect By Marc Savard.
15:11 of 1st period - Shot Blocked by Martin Hanzal.
15:11 of 1st period - Puck is out of play.
15:12 of 1st period - Mike Richards wins face-off versus Andrei Loktionov in Canadiens zone.
15:24 of 1st period - Minor Penalty to Patrick Sharp for Hooking.
15:25 of 1st period - Mike Richards wins face-off versus Andrei Loktionov in Canadiens zone.
15:27 of 1st period - Slapshot by Mike Richards.
15:27 of 1st period - Stopped by Tobias Stephan without a rebound.
15:28 of 1st period - Mike Richards wins face-off versus Andrei Loktionov in Canadiens zone.
15:45 of 1st period - Snap shot by Phil Kessel.
15:45 of 1st period - Shot Misses the Net.
16:03 of 1st period - Backhand shot by Marc Savard.
16:03 of 1st period - Shot Misses the Net.
16:05 of 1st period - Snap shot by Shea Weber.
16:05 of 1st period - Stopped by Tobias Stephan with a rebound.
16:57 of 1st period - Ole-Kristian Tollefsen is hit by Greg Stewart and loses puck.
17:24 of 1st period - Penalty to Patrick Sharp is over, Patrick Sharp is back on ice.
18:16 of 1st period - Wrist shot by Dustin Boyd.
18:16 of 1st period - Shot Misses the Net.
19:15 of 1st period - Evgeny Dadonov is hit by Mike Richards and loses puck.
19:26 of 1st period - Marc Savard is hit by Andrei Loktionov and loses puck.
Goals for this period are 1 for Canadiens vs 0 for Red Wings.
Shots for this period are 15 for Canadiens vs 8 for Red Wings.

2nd period


0:01 of 2nd period - Patrick Sharp wins face-off versus Mike Richards in neutral zone.
0:04 of 2nd period - Slapshot by Dennis Wideman.
0:04 of 2nd period - Shot Misses the Net.
0:12 of 2nd period - Wrist shot by Patrick Sharp.
0:12 of 2nd period - Deflect By Devin Setoguchi.
0:12 of 2nd period - Stopped by Michal Neuvirth without a rebound.
0:13 of 2nd period - Marc Savard wins face-off versus Andrei Loktionov in Red Wings zone.
0:23 of 2nd period - Off-side.
0:24 of 2nd period - Andrei Loktionov wins face-off versus Mike Richards in neutral zone.
0:51 of 2nd period - Dustin Boyd is hit by Steve Downie and loses puck.
1:22 of 2nd period - Dennis Wideman is hit by Tyler Johnson and loses puck.
1:39 of 2nd period - Jonas Hoglund is hit by Sean Bergenheim and loses puck.
2:39 of 2nd period - Snap shot by Nate Thompson.
2:39 of 2nd period - Shot Misses the Net.
3:05 of 2nd period - Minor Penalty to Jonas Hoglund for Hooking.
3:06 of 2nd period - Mike Richards wins face-off versus Andrei Loktionov in Canadiens zone.
3:07 of 2nd period - Snap shot by Rick Nash.
3:07 of 2nd period - Shot Misses the Net.
3:17 of 2nd period - Wrist shot by Andrei Loktionov.
3:17 of 2nd period - Shot Misses the Net.
5:05 of 2nd period - Penalty to Jonas Hoglund is over, Jonas Hoglund is back on ice.
5:22 of 2nd period - Snap shot by Mike Brown.
5:22 of 2nd period - Shot Blocked by Ladislav Smid.
6:17 of 2nd period - Shea Weber is hit by Jay McKee and loses puck.
6:32 of 2nd period - Wrist shot by Jiri Tlusty.
6:32 of 2nd period - Stopped by Michal Neuvirth with a rebound.
6:50 of 2nd period - Tim Ramholt is hit by Evgeny Dadonov and loses puck.
7:28 of 2nd period - Off-side.
7:29 of 2nd period - Marc Savard wins face-off versus Dustin Boyd in neutral zone.
7:39 of 2nd period - Marc Savard is hit by Dustin Boyd and loses puck.
7:54 of 2nd period - Phil Kessel is hit by Andrei Loktionov.
8:00 of 2nd period - Patrick Sharp is hit by Jiri Fischer and loses puck.
8:22 of 2nd period - Off-side.
8:23 of 2nd period - Marc Savard wins face-off versus Dustin Boyd in neutral zone.
8:30 of 2nd period - Wrist shot by Steve Downie.
8:30 of 2nd period - Deflect By Marc Savard.
8:30 of 2nd period - Shot Misses the Net.
8:30 of 2nd period - Puck is out of play.
8:31 of 2nd period - Dustin Boyd wins face-off versus Marc Savard in Canadiens zone.
8:31 of 2nd period - Dustin Boyd is hit by Marc Savard.
8:36 of 2nd period - Stephane Robidas is hit by Rick Nash.
9:02 of 2nd period - Slapshot by Rick Nash.
9:02 of 2nd period - Goal by Rick Nash - Canadiens : 1 - Red Wings : 1.
9:03 of 2nd period - Mike Richards wins face-off versus Andrei Loktionov in neutral zone.
9:06 of 2nd period - Wrist shot by Phil Kessel.
9:06 of 2nd period - Stopped by Tobias Stephan without a rebound.
9:07 of 2nd period - Andrei Loktionov wins face-off versus Mike Richards in Canadiens zone.
9:07 of 2nd period - Andrei Loktionov is hit by Phil Kessel.
10:38 of 2nd period - Slapshot by Dennis Wideman.
10:38 of 2nd period - Stopped by Michal Neuvirth without a rebound.
10:39 of 2nd period - Nate Thompson wins face-off versus Brett Maclean in Red Wings zone.
10:50 of 2nd period - Slapshot by Stephane Robidas.
10:50 of 2nd period - Stopped by Michal Neuvirth with a rebound.
10:52 of 2nd period - Slapshot by Stephane Robidas.
10:52 of 2nd period - Deflect By Mike Brown.
10:52 of 2nd period - Stopped by Michal Neuvirth with a rebound.
10:54 of 2nd period - Wrist shot by Jonas Hoglund.
10:54 of 2nd period - Deflect By Martin Hanzal.
10:54 of 2nd period - Shot Misses the Net.
10:54 of 2nd period - Puck is out of play.
10:55 of 2nd period - Mike Richards wins face-off versus Andrei Loktionov in Red Wings zone.
11:24 of 2nd period - Snap shot by Marc Savard.
11:24 of 2nd period - Stopped by Tobias Stephan without a rebound.
11:25 of 2nd period - Marc Savard wins face-off versus Dustin Boyd in Canadiens zone.
11:52 of 2nd period - Jiri Tlusty is hit by Rick Nash and loses puck.
12:13 of 2nd period - Wrist shot by Greg Stewart.
12:13 of 2nd period - Shot Blocked by Shea Weber.
12:15 of 2nd period - Snap shot by Jon Merrill.
12:15 of 2nd period - Stopped by Michal Neuvirth with a rebound.
12:23 of 2nd period - Snap shot by Dustin Boyd.
12:23 of 2nd period - Shot Blocked by Filip Kuba.
12:37 of 2nd period - Icing by Marc Savard.
12:38 of 2nd period - Andrei Loktionov wins face-off versus Steve Downie in Red Wings zone.
13:10 of 2nd period - Snap shot by Marc Savard.
13:10 of 2nd period - Stopped by Tobias Stephan without a rebound.
13:11 of 2nd period - Tomas Plekanec wins face-off versus Mike Richards in Canadiens zone.
13:15 of 2nd period - Off-side.
13:16 of 2nd period - Tomas Plekanec wins face-off versus Phil Kessel in neutral zone.
13:25 of 2nd period - Snap shot by Ladislav Smid.
13:25 of 2nd period - Stopped by Michal Neuvirth with a rebound.
13:31 of 2nd period - Evgeny Dadonov is hit by Sean Bergenheim and loses puck.
14:22 of 2nd period - Snap shot by Phil Kessel.
14:22 of 2nd period - Shot Misses the Net.
15:13 of 2nd period - Greg Stewart is hit by Sean Bergenheim and loses puck.
15:42 of 2nd period - Jiri Fischer is hit by Andrei Loktionov and loses puck.
15:49 of 2nd period - Snap shot by Patrick Sharp.
15:49 of 2nd period - Deflect By Devin Setoguchi.
15:49 of 2nd period - Shot Misses the Net.
15:49 of 2nd period - Puck is out of play.
15:50 of 2nd period - Dustin Boyd wins face-off versus Mike Richards in Red Wings zone.
15:53 of 2nd period - Snap shot by Greg Stewart.
15:53 of 2nd period - Stopped by Michal Neuvirth with a rebound.
16:21 of 2nd period - Wrist shot by Marc Savard.
16:21 of 2nd period - Stopped by Tobias Stephan with a rebound.
16:23 of 2nd period - Snap shot by Rick Nash.
16:23 of 2nd period - Stopped by Tobias Stephan without a rebound.
16:24 of 2nd period - Mike Richards wins face-off versus Andrei Loktionov in Canadiens zone.
16:33 of 2nd period - Snap shot by Mike Richards.
16:33 of 2nd period - Shot Blocked by Torey Krug.
16:51 of 2nd period - Rick Nash is hit by Jiri Tlusty and loses puck.
16:58 of 2nd period - Snap shot by Greg Stewart.
16:58 of 2nd period - Shot Blocked by Marc Savard.
17:00 of 2nd period - Snap shot by Greg Stewart.
17:00 of 2nd period - Shot Blocked by Shea Weber.
17:02 of 2nd period - Snap shot by Jiri Tlusty.
17:02 of 2nd period - Stopped by Michal Neuvirth with a rebound.
17:08 of 2nd period - Minor Penalty to Rick Nash for Hooking.
17:09 of 2nd period - Andrei Loktionov wins face-off versus Mike Brown in Red Wings zone.
19:08 of 2nd period - Penalty to Rick Nash is over, Rick Nash is back on ice.
19:17 of 2nd period - Tim Ramholt is hit by Brett Maclean.
19:23 of 2nd period - Snap shot by Mike Brown.
19:23 of 2nd period - Stopped by Tobias Stephan with a rebound.
19:25 of 2nd period - Snap shot by Rick Nash.
19:25 of 2nd period - Shot Blocked by Brett Maclean.
19:27 of 2nd period - Slapshot by Tim Ramholt.
19:27 of 2nd period - Stopped by Tobias Stephan with a rebound.
19:29 of 2nd period - Snap shot by Tim Ramholt.
19:29 of 2nd period - Stopped by Tobias Stephan without a rebound.
19:30 of 2nd period - Martin Hanzal wins face-off versus Mike Richards in Canadiens zone.
19:37 of 2nd period - Snap shot by Phil Kessel.
19:37 of 2nd period - Stopped by Tobias Stephan without a rebound.
19:38 of 2nd period - Mike Richards wins face-off versus Andrei Loktionov in Canadiens zone.
19:41 of 2nd period - Wrist shot by Mike Richards.
19:41 of 2nd period - Shot Misses the Net.
Goals for this period are 0 for Canadiens vs 1 for Red Wings.
Shots for this period are 9 for Canadiens vs 10 for Red Wings.

3rd period


0:01 of 3rd period - Phil Kessel wins face-off versus Andrei Loktionov in neutral zone.
0:06 of 3rd period - Devin Setoguchi is hit by Ole-Kristian Tollefsen and loses puck.
0:25 of 3rd period - Torey Krug is hit by Steve Downie and loses puck.
0:49 of 3rd period - Backhand shot by Martin Hanzal.
0:49 of 3rd period - Stopped by Michal Neuvirth with a rebound.
1:19 of 3rd period - Snap shot by Tomas Plekanec.
1:19 of 3rd period - Stopped by Michal Neuvirth with a rebound.
1:30 of 3rd period - Minor Penalty to Ladislav Smid for Hooking.
1:31 of 3rd period - Andrei Loktionov wins face-off versus Phil Kessel in Canadiens zone.
1:46 of 3rd period - Snap shot by Phil Kessel.
1:46 of 3rd period - Shot Blocked by Greg Stewart.
2:04 of 3rd period - Wrist shot by Steve Downie.
2:04 of 3rd period - Shot Misses the Net.
2:06 of 3rd period - Snap shot by Sean Bergenheim.
2:06 of 3rd period - Goal by Sean Bergenheim - Canadiens : 1 - Red Wings : 2.
2:07 of 3rd period - Andrei Loktionov wins face-off versus Mike Richards in neutral zone.
2:10 of 3rd period - Slapshot by Dennis Wideman.
2:10 of 3rd period - Goal by Dennis Wideman - Canadiens : 2 - Red Wings : 2.
2:11 of 3rd period - Mike Richards wins face-off versus Andrei Loktionov in neutral zone.
3:01 of 3rd period - Wrist shot by Tyler Johnson.
3:01 of 3rd period - Shot Misses the Net.
3:03 of 3rd period - Snap shot by Tyler Johnson.
3:03 of 3rd period - Shot Misses the Net.
3:09 of 3rd period - Wrist shot by Ales Hemsky.
3:09 of 3rd period - Shot Blocked by Stephane Robidas.
4:09 of 3rd period - Slapshot by Steve Downie.
4:09 of 3rd period - Deflect By Marc Savard.
4:09 of 3rd period - Shot Misses the Net.
4:09 of 3rd period - Puck is out of play.
4:10 of 3rd period - Mike Richards wins face-off versus Andrei Loktionov in Canadiens zone.
4:17 of 3rd period - Wrist shot by Mike Richards.
4:17 of 3rd period - Goal by Mike Richards - Canadiens : 2 - Red Wings : 3.
4:18 of 3rd period - Mike Richards wins face-off versus Andrei Loktionov in neutral zone.
4:35 of 3rd period - Mike Richards is hit by Dennis Wideman and loses puck.
5:05 of 3rd period - Icing by Tomas Plekanec.
5:06 of 3rd period - Tyler Johnson wins face-off versus Martin Hanzal in Canadiens zone.
5:19 of 3rd period - Snap shot by Martin Hanzal.
5:19 of 3rd period - Stopped by Michal Neuvirth without a rebound.
5:20 of 3rd period - Mike Richards wins face-off versus Andrei Loktionov in Red Wings zone.
5:20 of 3rd period - Mike Richards is hit by Andrei Loktionov.
6:33 of 3rd period - Snap shot by Mike Brown.
6:33 of 3rd period - Stopped by Tobias Stephan with a rebound.
7:21 of 3rd period - Minor Penalty to Tobias Rieder for Cross-checking.
7:22 of 3rd period - Mike Richards wins face-off versus Andrei Loktionov in Canadiens zone.
7:27 of 3rd period - Wrist shot by Phil Kessel.
7:27 of 3rd period - Stopped by Tobias Stephan without a rebound.
7:28 of 3rd period - Mike Richards wins face-off versus Andrei Loktionov in Canadiens zone.
7:57 of 3rd period - Snap shot by Marc Savard.
7:57 of 3rd period - Shot Misses the Net.
7:59 of 3rd period - Slapshot by Shea Weber.
7:59 of 3rd period - Deflect By Greg Stewart.
7:59 of 3rd period - Goal by Shea Weber - Canadiens : 2 - Red Wings : 4.
8:00 of 3rd period - Steve Downie wins face-off versus Andrei Loktionov in neutral zone.
8:03 of 3rd period - Snap shot by Ole-Kristian Tollefsen.
8:03 of 3rd period - Deflect By Patrick Sharp.
8:03 of 3rd period - Stopped by Tobias Stephan without a rebound.
8:04 of 3rd period - Marc Savard wins face-off versus Andrei Loktionov in Canadiens zone.
8:15 of 3rd period - Slapshot by Marc Savard.
8:15 of 3rd period - Stopped by Tobias Stephan with a rebound.
8:17 of 3rd period - Slapshot by Ole-Kristian Tollefsen.
8:17 of 3rd period - Shot Misses the Net.
8:19 of 3rd period - Slapshot by Ole-Kristian Tollefsen.
8:19 of 3rd period - Stopped by Tobias Stephan without a rebound.
8:20 of 3rd period - Dustin Boyd wins face-off versus Mike Richards in Canadiens zone.
8:35 of 3rd period - Slapshot by Dustin Boyd.
8:35 of 3rd period - Stopped by Michal Neuvirth without a rebound.
8:36 of 3rd period - Andrei Loktionov wins face-off versus Marc Savard in Red Wings zone.
8:44 of 3rd period - Snap shot by Rick Nash.
8:44 of 3rd period - Stopped by Tobias Stephan without a rebound.
8:45 of 3rd period - Andrei Loktionov wins face-off versus Rick Nash in Canadiens zone.
8:56 of 3rd period - Snap shot by Steve Downie.
8:56 of 3rd period - Stopped by Tobias Stephan without a rebound.
8:57 of 3rd period - Andrei Loktionov wins face-off versus Mike Richards in Canadiens zone.
9:06 of 3rd period - Slapshot by Andrei Loktionov.
9:06 of 3rd period - Stopped by Michal Neuvirth with a rebound.
9:08 of 3rd period - Wrist shot by Devin Setoguchi.
9:08 of 3rd period - Shot Blocked by Phil Kessel.
11:12 of 3rd period - Snap shot by Evgeny Dadonov.
11:12 of 3rd period - Stopped by Michal Neuvirth without a rebound.
11:13 of 3rd period - Tomas Plekanec wins face-off versus Mike Richards in Red Wings zone.
11:26 of 3rd period - Wrist shot by Mike Richards.
11:26 of 3rd period - Shot Misses the Net.
11:28 of 3rd period - Minor Penalty to Tobias Rieder for Holding.
11:29 of 3rd period - Andrei Loktionov wins face-off versus Phil Kessel in Canadiens zone.
11:42 of 3rd period - Snap shot by Phil Kessel.
11:42 of 3rd period - Stopped by Tobias Stephan with a rebound.
11:46 of 3rd period - Slapshot by Rick Nash.
11:46 of 3rd period - Stopped by Tobias Stephan with a rebound.
13:28 of 3rd period - Penalty to Tobias Rieder is over, Tobias Rieder is back on ice.
13:46 of 3rd period - Snap shot by Alex Picard.
13:46 of 3rd period - Shot Misses the Net.
13:48 of 3rd period - Slapshot by Tyler Johnson.
13:48 of 3rd period - Stopped by Tobias Stephan without a rebound.
13:49 of 3rd period - Nate Thompson wins face-off versus Dustin Boyd in Canadiens zone.
13:50 of 3rd period - Slapshot by Mike Brown.
13:50 of 3rd period - Stopped by Tobias Stephan without a rebound.
13:51 of 3rd period - Dustin Boyd wins face-off versus Nate Thompson in Canadiens zone.
13:51 of 3rd period - Dustin Boyd is hit by Nate Thompson.
15:56 of 3rd period - Slapshot by Mike Brown.
15:56 of 3rd period - Stopped by Tobias Stephan without a rebound.
15:57 of 3rd period - Tomas Plekanec wins face-off versus Tyler Johnson in Canadiens zone.
16:10 of 3rd period - Wrist shot by Tomas Plekanec.
16:10 of 3rd period - Deflect By Evgeny Dadonov.
16:10 of 3rd period - Stopped by Michal Neuvirth without a rebound.
16:11 of 3rd period - Tyler Johnson wins face-off versus Andrei Loktionov in Red Wings zone.
16:50 of 3rd period - Slapshot by Devin Setoguchi.
16:50 of 3rd period - Shot Blocked by Jiri Fischer.
16:52 of 3rd period - Snap shot by Devin Setoguchi.
16:52 of 3rd period - Shot Misses the Net.
16:58 of 3rd period - Slapshot by Patrick Sharp.
16:58 of 3rd period - Shot Blocked by Jiri Fischer.
17:00 of 3rd period - Snap shot by Andrei Loktionov.
17:00 of 3rd period - Stopped by Michal Neuvirth with a rebound.
17:26 of 3rd period - Stephane Robidas is hit by Ales Hemsky and loses puck.
18:07 of 3rd period - Wrist shot by Adam Henrique.
18:07 of 3rd period - Stopped by Tobias Stephan with a rebound.
19:01 of 3rd period - Wrist shot by Devin Setoguchi.
19:01 of 3rd period - Shot Misses the Net.
19:03 of 3rd period - Slapshot by Stephane Robidas.
19:03 of 3rd period - Shot Misses the Net.
19:05 of 3rd period - Slapshot by Devin Setoguchi.
19:05 of 3rd period - Shot Misses the Net.
19:07 of 3rd period - Wrist shot by Patrick Sharp.
19:07 of 3rd period - Deflect By Andrei Loktionov.
19:07 of 3rd period - Shot Misses the Net.
19:07 of 3rd period - Puck is out of play.
19:08 of 3rd period - Brett Maclean wins face-off versus Mike Richards in Red Wings zone.
19:19 of 3rd period - Snap shot by Martin Hanzal.
19:19 of 3rd period - Stopped by Michal Neuvirth with a rebound.
19:33 of 3rd period - Filip Kuba is hit by Tobias Rieder and loses puck.
19:40 of 3rd period - Wrist shot by Dustin Boyd.
19:40 of 3rd period - Shot Blocked by Mike Richards.
19:42 of 3rd period - Slapshot by Torey Krug.
19:42 of 3rd period - Stopped by Michal Neuvirth with a rebound.
Goals for this period are 1 for Canadiens vs 3 for Red Wings.
Shots for this period are 11 for Canadiens vs 16 for Red Wings.